 Dungeon Crawl Stone Soup version 0.24-a0-235-g3f03afc (webtiles) character file.

Game seed: 13975515308165771894

122021 MatthieuS the Thaumaturge (level 16, -6/96 HPs)
             Began as a Deep Elf Earth Elementalist on Apr 6, 2019.
             Was the Champion of Kikubaaqudgha.
             Mangled by a spatial maelstrom (9 damage)
             ... on level 3 of the Abyss.
             The game lasted 02:06:37 (32184 turns).

MatthieuS the Thaumaturge (DEEE)                   Turns: 32184, Time: 02:06:37

Health: -6/96      AC:  8    Str:  5    XL:     16   Next: 33%
Magic:  27/36      EV: 17    Int: 35    God:    Kikubaaqudgha [******]
Gold:   896        SH:  5    Dex: 16    Spells: 7/43 levels left

rFire    . . .     SeeInvis .   a - +9 rapier (elec)
rCold    . . .     Gourm    .   k - +0 buckler
rNeg     . . .     Faith    .   U - +0 leather armour of Paust {+Inv rPois Int+4}
rPois    +         Spirit   .   T - +2 helmet {Int+3}
rElec    .         Reflect  .   i - +0 cloak {MR+}
rCorr    .         Harm     .   r - +0 pair of gloves
MR       ++...                  I - +1 pair of boots
Stlth    +++++++...             (no amulet)
HPRegen  0.00/turn              C - ring of stealth
MPRegen  0.25/turn              j - +5 ring of dexterity

@: about to teleport
A: talons 1, [clumsy 2], [deformed body], inhibited regeneration
a: Receive Corpses, Torment, Renounce Religion, Evoke Invisibility


You were on level 3 of the Abyss.
You worshipped Kikubaaqudgha.
Kikubaaqudgha was exalted by your worship.
You were not hungry.

You visited 4 branches of the dungeon, and saw 21 of its levels.
You visited the Abyss 1 time.
You also visited: Sewer.

You collected 1881 gold pieces.
You spent 985 gold pieces at shops.

Inventory:

Hand Weapons
 a - a +9 rapier of electrocution (weapon)
   (You took it off Duvessa on level 5 of the Dungeon)
 q - a +2 dagger of venom
   (You took it off a big kobold in a sewer)
 R - a +1 quick blade of protection
   (You found it on level 2 of the Lair of Beasts)
Missiles
 b - 425 stones (quivered)
 P - 4 throwing nets {!f}
Armour
 i - a +0 cloak of magic resistance (worn)
   (You bought it in a shop on level 2 of the Orcish Mines)
 k - a +0 buckler (worn)
   (You bought it in a shop on level 2 of the Orcish Mines)
 r - a +0 pair of gloves (worn)
   (You found it on level 5 of the Lair of Beasts)
 I - a +1 pair of boots (worn)
   (You bought it in a shop on level 9 of the Dungeon)
 T - a +2 helmet of intelligence (worn)
   (You bought it in a shop on level 2 of the Orcish Mines)
 U - the +0 leather armour of Paust (worn) {+Inv rPois Int+4}
   (You found it on level 6 of the Lair of Beasts)

   It affects your intelligence (+4).
   It protects you from poison.
   It lets you turn invisible.
Jewellery
 f - an uncursed ring of resist corrosion
   (You found it on level 1 of the Dungeon)
 h - an uncursed ring of positive energy
   (You found it on level 1 of the Dungeon)
 j - a +5 ring of dexterity (right hand)
   (You found it on level 1 of the Dungeon)
 C - a ring of stealth (left hand)
   (You found it on level 4 of the Dungeon)
 E - an uncursed ring of protection from fire
   (You found it on level 5 of the Dungeon)
 Q - an uncursed ring of protection from cold
   (You found it on level 4 of the Dungeon)
Wands
 c - a wand of disintegration (4)
   (You found it on level 10 of the Dungeon)
 d - a wand of iceblast (11)
   (You found it on level 4 of the Dungeon)
 t - a wand of flame (53)
   (You took it off Pikel on level 4 of the Dungeon)
 v - a wand of digging (9)
   (You found it on level 9 of the Dungeon)
 x - a wand of acid (5)
   (You found it on level 12 of the Dungeon)
 y - a wand of enslavement (5)
   (You took it off Ijyb on level 5 of the Dungeon)
 L - a wand of polymorph (18)
   (You took it off Maurice on level 10 of the Dungeon)
 S - a wand of clouds (1)
   (You found it on level 5 of the Lair of Beasts)
Scrolls
 g - 9 scrolls of remove curse {@r2}
 l - 4 scrolls of magic mapping
 s - 7 scrolls of teleportation {@r4}
 u - 4 scrolls of fog
 A - 3 scrolls of amnesia
 G - a scroll of identify {@r1}
 V - a scroll of brand weapon
Potions
 m - 3 potions of might
 z - 2 potions of cancellation
 B - a potion of brilliance
 D - 2 potions of lignification {!q}
 F - a potion of haste {@q3}
 H - 2 potions of flight
 J - 3 potions of resistance
 K - 3 potions of berserk rage
Comestibles
 e - 20 rations


   Skills:
 + Level 9.5 Fighting
 - Level 7.5 Short Blades
 - Level 10.0 Dodging
 + Level 14.3 Stealth
 * Level 3.0 Shields
 + Level 14.3 Spellcasting
 + Level 12.1 Necromancy
 + Level 8.0 Transmutations
 + Level 2.5 Ice Magic
 - Level 12.3 Earth Magic
 - Level 4.9 Evocations


You had 7 spell levels left.
You knew the following spells:

 Your Spells              Type           Power        Failure   Level  Hunger
a - Sandblast             Erth           ######       1%          1    None
b - Passwall              Tmut/Erth      #######.     1%          2    None
c - Simulacrum            Ice/Necr       ######....   22%         6    ##.....
d - Petrify               Tmut/Erth      #######.     1%          4    None
f - Dispel Undead         Necr           #######.     1%          5    None
g - Death Channel         Necr           #######...   3%          6    ##.....
h - Borgnjor's Vile Clut  Necr/Erth      #######...   1%          5    None
i - Regeneration          Chrm/Necr      ######....   1%          3    None
q - Vampiric Draining     Necr           #######...   1%          3    None
z - Animate Skeleton      Necr           N/A          1%          1    None

Your spell library contained the following spells:

 Spells                   Type           Power        Failure   Level  Hunger
 Pain                     Necr           ####         1%          1    None
 Sublimation of Blood     Necr           #######...   1%          2    None
 Stone Arrow              Conj/Erth      ######       1%          3    None
 Animate Dead             Necr           N/A          1%          4    None
 Lee's Rapid Deconstruct  Erth           #######...   1%          5    None
 Infusion                 Chrm           ####         3%          1    None
 Magic Dart               Conj           ####         3%          1    None
 Sting                    Conj/Pois      ####         3%          1    None
 Poisonous Vapours        Pois/Air       ####..       4%          2    None
 Searing Ray              Conj           ####..       4%          2    None
 Shroud of Golubria       Chrm/Tloc      ####......   4%          2    None
 Song of Slaying          Chrm           ####....     4%          2    None
 Bolt of Draining         Conj/Necr      ######....   7%          5    None
 Excruciating Wounds      Chrm/Necr      ######....   7%          5    None
 Dazzling Spray           Conj/Hex       ####..       9%          3    None
 Mephitic Cloud           Conj/Pois/Air  ####....     9%          3    None
 Recall                   Summ/Tloc      N/A          9%          3    None
 Spectral Weapon          Hex/Chrm       ####....     9%          3    None
 Force Lance              Conj/Tloc      ####....     28%         4    None
 Fulminant Prism          Conj/Hex       ####......   28%         4    None
 Iskenderun's Mystic Bla  Conj           ####....     28%         4    None
 Olgreb's Toxic Radiance  Pois           ####....     28%         4    None
 Aura of Abjuration       Summ           ####......   63%         5    None
 Summon Demon             Summ           ####......   63%         5    None
 Summon Forest            Summ/Tloc      ####......   63%         5    None
 Summon Mana Viper        Hex/Summ       ####....     63%         5    None
 Venom Bolt               Conj/Pois      ####......   63%         5    None
 Haunt                    Necr/Summ      ######....   91%         7    ####...
 Shadow Creatures         Summ           N/A          99%         6    ##.....
 Borgnjor's Revivificati  Necr           #######...   80%         8    ######.
 Infestation              Necr           #######...   80%         8    ######.
 Necromutation            Tmut/Necr      #######...   97%         8    ######.
 Death's Door             Chrm/Necr      ######....   100%        8    ######.


Dungeon Overview and Level Annotations

Branches:
Dungeon (12/15)            Temple (1/1) D:6            Lair (6/6) D:9
  Swamp (0/4) Lair:2       Spider (0/4) Lair:2        Slime (0/5) Lair:6
    Orc (2/2) D:11            Elf (0/3) Orc:2

Altars:
Ashenzari
Cheibriados
Dithmenos
Elyvilon
Fedhas
Gozag
Kikubaaqudgha
Makhleb
Nemelex Xobeh
Okawaru
Ru
Sif Muna
Trog
Uskayaw
Vehumet
Wu Jian
Xom
Yredelemnul
Zin
The Shining One
Beogh

Shops:
D:5 :   D:9 [   Orc:2 [[%[

Annotations:
D:4 1 runed translucent door, Crazy Yiuf
Lair:6 exclusion: door


Innate Abilities, Weirdness & Mutations

You have sharp toenails.
You do not regenerate when monsters are visible.
[You are very clumsy. (Dex -4)]
[Armour fits poorly on your strangely shaped body.]


Message History

Space bends around you.
You block the spatial maelstrom's attack.
A quasit comes into view.
As you read the scroll of teleportation {@r4}, it crumbles to dust.
You feel strangely unstable.
You feel the power of the Abyss delaying your translocation!
The spatial maelstrom hits you! Space warps horribly around you!!
* * * LOW HITPOINT WARNING * * *
The spatial maelstrom closely misses you.
A spatial vortex comes into view. x2
Aim: an ufetubus You create a blast of noxious fumes!
The spatial maelstrom hits you!
* * * LOW HITPOINT WARNING * * *
Space warps horribly around you!
* * * LOW HITPOINT WARNING * * *
The spatial maelstrom hits you!!
* * * LOW HITPOINT WARNING * * *
You blink.
The ufetubus is engulfed in noxious fumes.
The ufetubus appears confused.
The spatial vortex moves out of view.
Okay, then.
As you read the scroll of fear, it crumbles to dust.
You assume a fearsome visage.
The ufetubus is unaffected.
The spatial vortex is unaffected.
The spatial maelstrom is unaffected.
The neqoxec is unaffected.
The shadow imp is unaffected.
The ufetubus is engulfed in noxious fumes.
The ufetubus appears confused.
The shadow imp picks up a beetle and eats it.
The ufetubus hits the spatial maelstrom.
The ufetubus barely misses the spatial maelstrom.
Unknown command.
Unknown command.
Unknown command.
Aim: a spatial maelstrom (lightly damaged)
You can't drain life from that!
Aim: a spatial maelstrom (lightly damaged) Decaying hands burst forth from the earth!
The spatial maelstrom is unaffected.
Zombie hands grab the ufetubus.
The zombie hands constrict the ufetubus.
You kill the ufetubus!
Kikubaaqudgha accepts your kill.
A spatial vortex comes into view.
The spatial maelstrom hits you!
You die...
Kikubaaqudgha rasps: "You have failed me!
Welcome... death!"

# ##. ###
.v##@#
#.5###.v##
#.§53§.#
#.§#v###
..5.# ##v
. .


You could see a spatial maelstrom, 2 spatial vortices, a neqoxec, a quasit and a
shadow imp.

Vanquished Creatures
  Gastronok (Lair:2)
  3 orc warlords
  A purple draconian (Abyss:3)
  The ghost of Calubax the Grappler, a journeyman TrWz of Okawaru (Lair:1)
  The ghost of Baakeo the Fighter, a journeyman HOFi of Beogh (Lair:3)
  Snorg (D:10)
  Josephine (D:10)
  Fannar (Orc:1)
  Harold (Orc:1)
  9 hydras
  An anaconda (Lair:4)
  4 two-headed ogres
  The ghost of Wombat the Carver, a novice DsGl of Makhleb (D:10)
  Urug (Lair:3)
  A thrashing horror (Abyss:3)
  3 orc high priests (Orc:2)
  The ghost of Tobat the Slicer, a novice OpFi of Gozag (Lair:1)
  A fire crab (Lair:4)
  A sixfirhy (Abyss:3)
  An unseen horror (D:11)
  A wizard (Lair:6)
  Pikel (D:4)
  7 orc knights
  4 large abominations (Abyss:3)
  A cyclops (Orc:2)
  A deep elf mage (Abyss:3)
  5 orc sorcerers
  6 elephants (Lair:5)
  Maurice (D:10)
  Psyche (D:8)
  5 black mambas
  3 torpor snails
  A gargoyle (D:11)
  13 spiny frogs
  11 komodo dragons
  4 rime drakes
  An ancient zyme (Abyss:3)
  5 trolls
  2 polar bears
  Prince Ribbit (D:8)
  22 blink frogs
  13 hippogriffs
  A dream sheep (Lair:3)
  Sigmund (D:2)
  4 ynoxinuls (Abyss:3)
  4 wraiths
  51 yaks
  2 wyverns
  4 hogs (D:7)
  A human (D:7)
  A vampire (D:10)
  A neqoxec (Abyss:3)
  A hungry ghost (D:7)
  A chaos spawn (Abyss:3)
  3 wargs
  12 water moccasins
  A swamp worm (Lair:2)
  Duvessa (D:5)
  A hell hound (Lair:6)
  5 porcupines
  4 slaves
  A hornet zombie (D:10)
  2 ice beasts
  40 orc warriors
  2 eyes of draining (Abyss:3)
  A phantom (D:7)
  14 ogres
  2 black bears
  9 centaurs
  7 wolves
  10 crocodiles
  3 big kobolds (Sewer)
  Blork the orc (D:5)
  13 bullfrogs
  A wyvern zombie (D:11)
  2 small abominations (Abyss:3)
  5 scorpions
  Dowan (D:5)
  6 killer bees (D:9)
  5 wights (D:10)
  2 howler monkeys
  An electric eel (Lair:6)
  7 crimson imps
  A jelly (Lair:6)
  A quasit (D:8)
  32 orc priests
  3 bullfrog zombies
  9 hounds
  2 bullfrog skeletons
  An iguana (D:10)
  10 orc wizards
  Ijyb (D:5)
  7 hell rats (Lair:3)
  7 worker ants
  A hound zombie (D:10)
  A hound skeleton (D:5)
  Robin (D:2)
  A howler monkey skeleton (D:5)
  18 river rats
  18 adders
  3 shadow imps
  A white imp (Abyss:3)
  2 ufetubi (Abyss:3)
  7 oozes
  5 worms
  An adder skeleton (D:4)
  3 dart slugs
  6 leopard geckos
  83 orcs
  A giant cockroach (D:1)
  13 goblins
  10 hobgoblins
  10 jackals
  8 quokkas
  5 ball pythons
  4 bats
  7 frilled lizards
  A giant cockroach zombie (D:5)
  A jackal skeleton (D:6)
  12 kobolds
  A quokka zombie (D:9)
  15 rats
  A fungus (Lair:6)
692 creatures vanquished.

Vanquished Creatures (collateral kills)
  An orc warlord (Orc:1)
  Nessos (Orc:2)
  2 two-headed ogres (Orc:2)
  2 orc high priests
  An unseen horror (D:12)
  An orc knight (Orc:1)
  A spiny frog (Lair:5)
  A komodo dragon (Lair:5)
  2 trolls
  3 blink frogs (Lair:5)
  A tarantella (Lair:2)
  A yak (Lair:5)
  2 wargs
  9 orc warriors
  3 ogres
  A wolf (Lair:5)
  A crimson imp (D:11)
  2 jellies (Lair:6)
  4 orc priests (Orc:1)
  3 orc wizards
  A river rat (Lair:3)
  2 oozes (Lair:6)
  20 orcs
  A rat (Lair:3)
  2 fungi (Lair:5)
  A plant (Lair:5)
69 creatures vanquished.

Vanquished Creatures (others)
  A bush (Lair:2)
  14 fungi
  5 plants
  6 starspawn tentacles (Abyss:3)
26 creatures vanquished.

Grand Total: 787 creatures vanquished

Notes
Turn   | Place    | Note
-------+----------+-------------------------------------------
     0 | D:1      | MatthieuS the Deep Elf Earth Elementalist began the quest
                  | for the Orb.
     0 | D:1      | Reached XP level 1. HP: 10/10 MP: 6/6
   310 | D:1      | Reached XP level 2. HP: 16/16 MP: 6/8
   442 | D:1      | Learned a level 2 spell: Passwall
  1403 | D:2      | Reached skill level 1 in Fighting
  1403 | D:2      | Reached XP level 3. HP: 12/20 MP: 7/10
  1590 | D:2      | Found an opulent altar of Gozag.
  1682 | D:2      | Noticed Sigmund
  1686 | D:2      | Reached XP level 4. HP: 25/25 MP: 8/11
  1740 | D:2      | Killed Sigmund
  1740 | D:2      | Reached XP level 5. HP: 17/30 MP: 5/14
  1987 | D:2      | Noticed Robin
  1993 | D:2      | Killed Robin
  2056 | D:2      | Learned a level 3 spell: Stone Arrow
  2061 | D:2      | Learned a level 4 spell: Petrify
  2478 | D:3      | Reached XP level 6. HP: 35/35 MP: 8/15
  2501 | D:3      | Found a glowing drain.
  2512 | Sewer    | Entered a sewer
  2647 | Sewer    | Reached skill level 5 in Spellcasting
  2811 | Sewer    | Reached skill level 1 in Short Blades
  3030 | Sewer    | Reached skill level 5 in Stealth
  3030 | Sewer    | Reached skill level 5 in Earth Magic
  3214 | Sewer    | Reached XP level 7. HP: 37/40 MP: 1/17
  3570 | D:3      | Found an opulent altar of Gozag.
  3664 | D:3      | Found a glowing golden altar of the Shining One.
  3664 | D:3      | Found a deep blue altar of Sif Muna.
  4067 | D:4      | Learned a level 5 spell: Lee's Rapid Deconstruction
  4472 | D:4      | Found a runed translucent door.
  4473 | D:4      | Noticed Crazy Yiuf
  4569 | D:4      | Noticed Pikel
  4952 | D:4      | Killed Pikel
  4952 | D:4      | Reached XP level 8. HP: 27/46 MP: 1/19
  5405 | D:5      | Entered Level 5 of the Dungeon
  5405 | D:5      | Found Pegy's Book Boutique.
  5419 | D:5      | Noticed Ijyb
  5419 | D:5      | Noticed Duvessa
  5907 | D:5      | Noticed Blork the orc
  5911 | D:5      | You fall through a shaft for 3 floors!
  6417 | D:8      | Noticed Prince Ribbit
  6437 | D:8      | Killed Prince Ribbit
  6447 | D:8      | Reached XP level 9. HP: 13/52 MP: 3/21
  6713 | D:8      | Noticed Psyche
  6719 | D:8      | Killed Psyche
  6907 | D:7      | Reached skill level 5 in Transmutations
  7402 | D:6      | Found a staircase to the Ecumenical Temple.
  7412 | Temple   | Entered the Ecumenical Temple
  7490 | Temple   | Became a worshipper of Kikubaaqudgha
  7551 | D:6      | Found a hide-covered altar of Uskayaw.
  8210 | D:5      | Noticed Dowan
  8220 | D:5      | Killed Dowan
  8226 | D:5      | Killed Blork the orc
  8226 | D:5      | Reached skill level 5 in Short Blades
  8264 | D:5      | Killed Ijyb
  8277 | D:5      | Killed Duvessa
  8962 | D:5      | Reached XP level 10. HP: 57/58 MP: 12/24
  9070 | D:5      | Found a deep blue altar of Sif Muna.
  9430 | D:7      | Reached skill level 5 in Fighting
  9452 | D:7      | Reached * piety under Kikubaaqudgha
  9452 | D:7      | Identified Kikubaaqudgha's Tome of Sinister Magic
                  | (Kikubaaqudgha gifted it to you on level 7 of the Dungeon)
  9452 | D:7      | Received a gift from Kikubaaqudgha
 10957 | D:9      | Found Vago's Antique Armour Shoppe.
 10968 | D:9      | Bought a glowing cloak for 165 gold pieces
 10968 | D:9      | Bought a pair of boots for 99 gold pieces
 11097 | D:9      | Noticed a two-headed ogre
 11109 | D:9      | Killed a two-headed ogre
 11111 | D:9      | Reached ** piety under Kikubaaqudgha
 11263 | D:9      | Found a staircase to the Lair.
 11806 | D:10     | Entered Level 10 of the Dungeon
 11815 | D:10     | Learned a level 1 spell: Animate Skeleton
 11819 | D:10     | Learned a level 3 spell: Vampiric Draining
 11873 | D:10     | Reached XP level 11. HP: 56/64 MP: 19/26
 11937 | D:10     | Noticed Snorg
 12102 | D:10     | Noticed Maurice
 12121 | D:10     | Killed Snorg
 12121 | D:10     | Reached skill level 10 in Spellcasting
 12286 | D:10     | Killed Maurice
 12318 | D:10     | Found a runed translucent door.
 12747 | D:10     | Reached skill level 10 in Stealth
 12808 | D:10     | Noticed Josephine
 13004 | Lair:1   | Entered Level 1 of the Lair of Beasts
 13275 | Lair:1   | Found a runed translucent gate.
 13276 | Lair:1   | Found a runed translucent gate.
 13277 | Lair:1   | Found a runed translucent gate.
 13286 | Lair:1   | HP: 1/64 [spiny frog (23)]
 13288 | Lair:1   | Reached skill level 1 in Necromancy
 13548 | Lair:1   | Noticed Calubax's ghost (journeyman TrWz)
 13548 | Lair:1   | Noticed Tobat's ghost (novice OpFi)
 13596 | Lair:1   | Noticed a six-headed hydra
 13605 | Lair:1   | Killed a six-headed hydra
 14364 | Lair:2   | Noticed Gastronok
 14591 | Lair:2   | Found a hole to the Spider Nest.
 14682 | Lair:2   | Killed Gastronok
 15193 | Lair:2   | Noticed an eight-headed hydra
 15210 | Lair:2   | Killed an eight-headed hydra
 15227 | Lair:2   | Reached *** piety under Kikubaaqudgha
 15227 | Lair:2   | Identified Kikubaaqudgha's Volume of Unholy Magic
                  | (Kikubaaqudgha gifted it to you on level 2 of the Lair of
                  | Beasts)
 15227 | Lair:2   | Received a gift from Kikubaaqudgha
 15227 | Lair:2   | Reached XP level 12. HP: 17/71 MP: 1/28
 15501 | Lair:2   | Learned a level 5 spell: Dispel Undead
 16594 | Lair:2   | Noticed a six-headed hydra
 16613 | Lair:2   | Killed a six-headed hydra
 16613 | Lair:2   | Reached skill level 5 in Dodging
 16752 | Lair:2   | Found a staircase to the Swamp.
 16839 | Lair:3   | Found a runed translucent gate.
 16839 | Lair:3   | Found a runed translucent gate.
 16840 | Lair:3   | Found a runed translucent gate.
 16848 | Lair:3   | Noticed Baakeo's ghost (journeyman HOFi)
 17045 | Lair:3   | Noticed Urug
 17053 | Lair:3   | Killed Urug
 17053 | Lair:3   | Reached skill level 5 in Necromancy
 17053 | Lair:3   | Reached skill level 10 in Earth Magic
 17101 | Lair:3   | Noticed a four-headed hydra
 17334 | Lair:3   | HP: 1/72 [blink frog (15)]
 18175 | Lair:3   | Killed a four-headed hydra
 18318 | Lair:3   | Reached **** piety under Kikubaaqudgha
 18886 | Lair:4   | Noticed a seven-headed hydra
 18887 | Lair:4   | Noticed an anaconda
 18891 | Lair:4   | Killed an anaconda
 18907 | Lair:4   | Killed a seven-headed hydra
 19403 | Lair:4   | Reached XP level 13. HP: 76/76 MP: 30/30
 19510 | Lair:4   | Reached ***** piety under Kikubaaqudgha
 21994 | Lair:5   | Learned a level 6 spell: Death Channel
 22303 | Lair:6   | Entered Level 6 of the Lair of Beasts
 23629 | Lair:6   | Reached skill level 10 in Necromancy
 23925 | Lair:6   | Got an ichor-stained scale mail
 23926 | Lair:6   | Identified the +1 scale mail "Jauvvual" {rC+} (You found it
                  | on level 6 of the Lair of Beasts)
 24542 | Lair:6   | Got a faintly humming leather armour
 24548 | Lair:6   | Identified the +0 leather armour of Paust {+Inv rPois
                  | Int+4} (You found it on level 6 of the Lair of Beasts)
 24563 | Lair:6   | Found a staircase to the Slime Pits.
 24886 | Lair:6   | Reached XP level 14. HP: 82/84 MP: 27/32
 25378 | D:10     | Noticed Wombat's ghost (novice DsGl)
 25386 | D:10     | Killed Wombat's ghost
 25469 | Lair:1   | Killed Tobat's ghost
 25561 | Lair:1   | Killed Calubax's ghost
 25561 | Lair:1   | Reached skill level 1 in Evocations
 25594 | Lair:1   | Learned a level 5 spell: Borgnjor's Vile Clutch
 25598 | Lair:1   | Learned a level 3 spell: Regeneration
 25720 | Lair:3   | Gained mutation: You do not regenerate when monsters are
                  | visible. [potion of mutation]
 25720 | Lair:3   | Gained mutation: You have sharp toenails. [potion of
                  | mutation]
 25734 | Lair:3   | Killed Baakeo's ghost
 26013 | D:10     | Killed Josephine
 26291 | D:11     | Reached ****** piety under Kikubaaqudgha
 26514 | D:11     | Found a staircase to the Orcish Mines.
 26886 | Orc:1    | Entered Level 1 of the Orcish Mines
 26999 | Orc:1    | Noticed an orc warlord
 27030 | Orc:1    | Killed an orc warlord
 27193 | Orc:1    | Found a roughly hewn altar of Beogh.
 27470 | Orc:1    | Noticed Harold
 27482 | Orc:1    | Killed Harold
 27499 | Orc:1    | Noticed an orc warlord
 27522 | Orc:1    | Killed an orc warlord
 27532 | Orc:1    | Noticed Fannar
 27580 | Orc:1    | Killed Fannar
 28030 | Orc:2    | Entered Level 2 of the Orcish Mines
 28040 | Orc:2    | Noticed Nessos
 28361 | Orc:2    | Killed Nessos
 28617 | Orc:2    | Found a roughly hewn altar of Beogh.
 28668 | Orc:2    | Found Gerown's Antique Armour Boutique.
 28802 | Orc:2    | Found Xikhlayff's Food Shop.
 28883 | Orc:2    | Noticed an orc warlord
 28891 | Orc:2    | Killed an orc warlord
 29750 | Orc:2    | Reached XP level 15. HP: 90/90 MP: 28/34
 29782 | Orc:2    | Found Juaseeto's Antique Armour Shoppe.
 29783 | Orc:2    | Noticed an orc warlord
 29829 | Orc:2    | Killed an orc warlord
 30180 | Orc:2    | Learned a level 4 spell: Animate Dead
 30208 | Orc:2    | Found Guxe's Armour Emporium.
 30289 | Orc:2    | Reached skill level 10 in Dodging
 30309 | Orc:2    | Found a roughly hewn altar of Beogh.
 30371 | Orc:2    | Found a staircase to the Elven Halls.
 30793 | Orc:2    | Bought a glowing cloak for 217 gold pieces
 30866 | Orc:2    | Bought a buckler for 108 gold pieces
 30866 | Orc:2    | Bought a glowing helmet for 180 gold pieces
 30866 | Orc:2    | Bought a bronze ring mail for 216 gold pieces
 30893 | Orc:2    | Identified the +1 ring mail of the Blacksmith {MP+9 Str-2
                  | SInv} (You bought it in a shop on level 2 of the Orcish
                  | Mines)
 30936 | Orc:2    | Received a gift from Kikubaaqudgha
 30950 | Orc:2    | Learned a level 6 spell: Simulacrum
 31331 | D:12     | Cast into level 3 of the Abyss (a distortion unwield)
 31384 | Abyss:3  | Reached skill level 1 in Shields
 31390 | Abyss:3  | Noticed a tentacled starspawn
 31403 | Abyss:3  | Noticed an Executioner
 31486 | Abyss:3  | Reached skill level 1 in Ice Magic
 31488 | Abyss:3  | Noticed a tentacled starspawn
 31552 | Abyss:3  | Gained mutation: You are dopey. (Int -2) [a neqoxec]
 31556 | Abyss:3  | Lost mutation: You are dopey. (Int -2) [a neqoxec]
 31569 | Abyss:3  | Reached XP level 16. HP: 61/96 MP: 9/36
 31841 | Abyss:3  | HP: 2/96 [orange demon (6)]
 31846 | Abyss:3  | HP: 2/96 [burnt (5)]
 32182 | Abyss:3  | HP: 3/96 [spatial maelstrom (18)]
 32184 | Abyss:3  | Mangled by a spatial maelstrom

Levels and vault maps discovered:
D:1:      tarquinn_simple_flora_water_f, layout_basic, hex_intersection,
          hangedman_decor_riveting
D:2:      layout_basic, first_ration, nicolae_gozag_seed_capital, uniq_sigmund,
          uniq_robin
D:3:      layout_rooms, minitemple, portal_sewer_entry_d, fountainhead
D:4:      layout_gridville, uniq_pikel, uniq_crazy_yiuf_cottage
D:5:      layout_rooms, serial_shops, shop, lemuel_blue_sif_altar,
          uniq_blork_the_orc, uniq_duvessa, uniq_ijyb
D:6:      layout_rooms, overflow_temple_1_default, temple_pool_b,
          grunt_decor_fettered, chequers_serial_rivers_small_a
D:7:      layout_cave_pods, serial_bayou_pond_a, grunt_livestock
D:8:      layout_loops_ring, uniq_prince_ribbit1, uniq_psyche
D:9:      layout_loops_ring, dpeg_oklobed_lair, serial_shops,
          nicolae_shop_overgrown_old_shop
D:10:     layout_cave_pools, ebering_ghost_reflecting_pool,
          minmay_misc_feat_roman, uniq_josephine, uniq_snorg, uniq_maurice
D:11:     layout_roguey, david_orc_2
D:12:     layout_rooms, chequers_serial_rivers_micro_e
Temple:   eino_narrow_crystal_temple
Lair:1:   layout_chaotic_city, gammafunk_ghost_cemetery, lemuel_fruit_tree,
          infiniplex_staircase_pool
Lair:2:   layout_cave_pods, palyth_hydra_swamp_entry, spider_nest_entry_rubble,
          uniq_gastronok
Lair:3:   lemuel_ratsnest, layout_regular_city, gammafunk_ghost_split, uniq_urug
Lair:4:   layout_roguey, minmay_shattered_shrine, infiniplex_staircase_pool_2,
          grunt_megastairs_3, serial_bayou_shore_b
Lair:5:   layout_regular_city
Lair:6:   evil_forest, layout_gridlike, nicolae_slime_entry_slimehenge,
          grunt_megastairs_2
Orc:1:    orc_temple, layout_caves, statue_in_the_mist_lemuel, uniq_fannar,
          uniq_harold
Orc:2:    pubby_orc_utopia, serial_shops, uniq_nessos
Abyss:3:  evilmike_abyss_rune_tso_outpost, evilmike_abyss_exit_chaos
Sewer:    sewer_co_tree

Skill      XL: |  1  2  3  4  5  6  7  8  9 10 11 12 13 14 15 16 |
---------------+-------------------------------------------------+-----
Stealth        | 3 4 5 6 7 8 9 10 11 12 13 14 | 14.3
Fighting       | 1 2 3 4 5 6 7 8 9 |  9.5
Spellcasting   | 4 5 6 7 8 9 10 11 12 13 14 | 14.3
Earth Magic    | 4 5 6 7 8 9 10 11 12 | 12.3
Short Blades   | 1 3 5 6 7 |  7.5
Transmutations | 2 3 4 5 7 8 |  8.0
Necromancy     | 3 7 10 11 12 | 12.1
Dodging        | 4 6 8 9 10 | 10.0
Evocations     | 4 |  4.9
Shields        | 2 3 |  3.0
Ice Magic      | 2 |  2.5

Action                   |  1- 3 |  4- 6 |  7- 9 | 10-12 | 13-15 | 16-18 || total
-------------------------+-------+-------+-------+-------+-------+-------++-------
Melee: Unarmed           |     1 |       |       |       |       |       ||     1
       Short sword       |    41 |     4 |       |       |       |       ||    45
       Dagger            |       |    11 |   205 |       |       |       ||   216
       Rapier            |       |       |    16 |   386 |   424 |    31 ||   857
 Cast: Sandblast         |    22 |    33 |    39 |    25 |    51 |       ||   170
       Stone Arrow       |       |    29 |    58 |    28 |     4 |       ||   119
       Petrify           |       |       |    15 |    82 |    79 |       ||   176
       Animate Skeleton  |       |       |       |    12 |   126 |     1 ||   139
       Vampiric Draining |       |       |       |     4 |    18 |     3 ||    25
       Lee's Rapid Decon |       |       |       |       |     8 |       ||     8
       Death Channel     |       |       |       |       |    38 |       ||    38
       Passwall          |       |       |       |       |     2 |       ||     2
       Borgnjor's Vile C |       |       |       |       |    87 |    10 ||    97
       Regeneration      |       |       |       |       |    23 |     5 ||    28
       Dispel Undead     |       |       |       |       |    12 |       ||    12
       Animate Dead      |       |       |       |       |     2 |       ||     2
Invok: Receive Necronomi |       |       |       |       |     1 |       ||     1
 Abil: Evoke Invisibilit |       |       |       |       |     1 |     1 ||     2
Evoke: Wand              |       |       |       |     3 |    13 |     2 ||    18
  Use: Scroll            |       |     2 |    14 |    17 |    16 |     5 ||    54
       Potion            |       |       |     1 |    11 |     8 |     4 ||    24
 Stab: Sleeping          |    10 |       |    17 |    32 |    40 |       ||    99
       Distracted        |       |     1 |       |     2 |     3 |     2 ||     8
       Petrified         |       |       |    11 |    57 |    36 |       ||   104
       Petrifying        |       |       |     1 |    21 |    15 |       ||    37
       Invisible         |       |       |       |     1 |     1 |       ||     2
  Eat: Chunk             |     2 |     6 |    10 |    18 |    36 |     2 ||    74
       Ration            |       |       |     3 |     5 |     3 |     1 ||    12
Armor: Robe              |    10 |     1 |     4 |       |       |       ||    15
       Leather armour    |       |       |    44 |    71 |   128 |     5 ||   248
Dodge: Dodged            |    39 |    16 |   120 |   250 |   420 |    23 ||   868
Block: Buckler           |       |       |       |       |    11 |     8 ||    19

Table legend:
 A = Non-vault XP
 B = Vault XP
 C = Vault XP percentage of total XP
 D = Non-vault monster count
 E = Vault monster count
 F = Vault count percentage of total count
                 A         B        C        D         E       F
            +---------+---------+-------+---------+---------+-------
      Total |   58848 |   61775 |  51.2 |     417 |     336 |  44.6
            +---------+---------+-------+---------+---------+-------
        D:1 |      31 |       0 |   0.0 |      22 |       0 |   0.0
        D:2 |      86 |     259 |  75.1 |      22 |      13 |  37.1
        D:3 |      25 |      14 |  35.9 |      10 |       1 |   9.1
        D:4 |     428 |     651 |  60.3 |      16 |       1 |   5.9
        D:5 |     863 |     353 |  29.0 |      22 |       4 |  15.4
        D:6 |     624 |       0 |   0.0 |      16 |       0 |   0.0
        D:7 |    1088 |    1012 |  48.2 |      21 |       5 |  19.2
        D:8 |    1006 |     752 |  42.8 |      18 |       2 |  10.0
        D:9 |    2880 |       0 |   0.0 |      24 |       0 |   0.0
       D:10 |    3043 |    4072 |  57.2 |      27 |       7 |  20.6
       D:11 |    3311 |     139 |   4.0 |      24 |       8 |  25.0
       D:12 |    2420 |       0 |   0.0 |      11 |       0 |   0.0
     Lair:1 |    2978 |    2080 |  41.1 |      10 |       2 |  16.7
     Lair:2 |    4023 |    4681 |  53.8 |      17 |       7 |  29.2
     Lair:3 |    5999 |    5062 |  45.8 |      25 |      43 |  63.2
     Lair:4 |    2576 |    4779 |  65.0 |      11 |      10 |  47.6
     Lair:5 |   10136 |    1424 |  12.3 |      39 |       7 |  15.2
     Lair:6 |    4246 |    7662 |  64.3 |      16 |      28 |  63.6
      Orc:1 |    5889 |    7136 |  54.8 |      42 |      37 |  46.8
      Orc:2 |       0 |   21236 | 100.0 |       0 |     133 | 100.0
    Abyss:3 |    7196 |       0 |   0.0 |      24 |       0 |   0.0
      Sewer |       0 |     463 | 100.0 |       0 |      28 | 100.0
            +---------+---------+-------+---------+---------+-------
